 Dungeon Crawl Stone Soup version 0.30-b1-5-g8e6c1be481 (webtiles) character file.

Game seed: 4215018199543720175

30167 Mysteryquy the Bludgeoner (level 13, -1/93 HPs)
             Began as a Demonspawn Gladiator on May 4, 2023.
             Was an Initiate of Yredelemnul.
             Slain by a four-headed hydra (5 damage)
             ... on level 5 of the Lair of Beasts.
             The game lasted 00:34:47 (11757 turns).

Mysteryquy the Bludgeoner (Demonspawn Gladiator)   Turns: 11757, Time: 00:34:47

Health: -1/93      AC: 12    Str: 19    XL:     13   Next: 19%
Magic:  22/22      EV: 18    Int: 11    God:    Yredelemnul [......]
Gold:   657        SH:  0    Dex: 14    Spells: 12/12 levels left

rFire   . . .        E - +2 mace "Stringbean" {drain, rPois Will+}
rCold   . . .        D - orb {*Rage}
rNeg    . . .        N - +1 ring mail {rPois}
rPois   +            c - +0 helmet
rElec   .            m - +0 cloak
rCorr   +            (no gloves)
SInv    .            (no boots)
Will    +....        B - amulet of regeneration
Stlth   ++           G - +5 ring of evasion
HPRegen 1.15/turn    t - ring of resist corrosion
MPRegen 0.18/turn

%: random rage (20%)
@: lethally poisoned (-1 -> -3), on berserk cooldown, slowed, very slow
A: hooves 2, foul stench 1, spiny 2, sharp scales 2
a: Renounce Religion, Recall Undead Harvest


You were on level 5 of the Lair of Beasts.
You worshipped Yredelemnul.
Yredelemnul was pleased with you.
You visited 2 branches of the dungeon, and saw 14 of its levels.

You collected 657 gold pieces.

Inventory:

Hand Weapons
 a - a +1 vampiric flail
 q - a +1 demon whip of venom
 E - the +2 mace "Stringbean" (weapon) {drain, rPois Will+}
   (You found it on level 4 of the Dungeon)

   rPois:     It protects you from poison.
   Will:      It increases your willpower.
Missiles
 d - 7 throwing nets (quivered)
 e - 7 javelins
 J - 2 silver javelins
Armour
 c - a +0 helmet (worn)
 m - a +0 cloak (worn)
 D - an orb of wrath (worn)
 N - a +1 ring mail of poison resistance (worn)
Jewellery
 p - a +5 ring of evasion
 t - a ring of resist corrosion (right hand)
 B - an amulet of regeneration (around neck)
 G - a +5 ring of evasion (left hand)
 O - a ring of see invisible
Wands
 r - a wand of mindburst (7)
 z - a wand of flame (19)
 K - a wand of acid (16)
 P - a wand of paralysis (7)
Scrolls
 b - a scroll of brand weapon
 f - a scroll of identify
 g - 2 scrolls of fog
 i - 3 scrolls of noise
 j - 7 scrolls of vulnerability
 k - a scroll of teleportation
 s - a scroll of silence
 v - a scroll of amnesia
 w - a scroll of poison
 y - 2 scrolls of immolation
 C - a scroll of magic mapping
 I - 3 scrolls of enchant weapon
Potions
 h - 2 potions of berserk rage
 l - a potion of might
 n - 3 potions of magic
 o - 5 potions of curing
 x - 2 potions of brilliance
 A - 3 potions of lignification
 F - 2 potions of haste
 H - a potion of attraction {unknown}
 L - a potion of invisibility
 M - 3 potions of resistance


   Skills:
 + Level 6.0 Fighting
 + Level 15.4 Maces & Flails
 - Level 2.1 Throwing
 + Level 6.3 Armour
 + Level 5.4 Dodging
 + Level 5.2 Stealth
 * Level 12.8 Invocations
 - Level 0.1 Evocations


You had 12 spell levels left.
You didn't know any spells.
Your spell library contained the following spells:

 Spells                   Type           Power      Damage    Failure   Level
 Ensorcelled Hibernation  Hex/Ice        0%         N/A       65%         2
 Poisonous Vapours        Pois/Air       0%         N/A       65%         2
 Static Discharge         Conj/Air       0%         2-2/arc   65%         2
 Sublimation of Blood     Necr           0%         N/A       65%         2
 Mephitic Cloud           Conj/Pois/Air  0%         N/A       86%         3
 Spider Form              Tmut/Pois      0%         N/A       86%         3
 Volatile Blastmotes      Fire/Tloc      0%         2d10      86%         3
 Airstrike                Air            0%         2d(0-16)  99%         4
 Anguish                  Hex/Necr       0%         N/A       99%         4
 Fulminant Prism          Conj/Hex       0%         3d5       99%         4
 Iskenderun's Mystic Bla  Conj/Tloc      0%         2d3       99%         4
 Petrify                  Tmut/Erth      0%         N/A       99%         4
 Summon Lightning Spire   Summ/Air       0%         N/A       99%         4
 Freezing Cloud           Conj/Ice/Air   0%         6-21      100%        5
 Irradiate                Conj/Tmut      0%         3d11      100%        5
 Lee's Rapid Deconstruct  Erth           0%         3d4*      100%        5


Dungeon Overview and Level Annotations

Branches:
Dungeon (9/15)             Temple (0/1) D:6            Lair (5/5) D:8
  Swamp (0/4) Lair:2        Snake (0/4) Lair:3
  Slime: Lair:4-5       Orc: D:9-12

Altars:
Ashenzari
Cheibriados
Fedhas
Kikubaaqudgha
Okawaru
Qazlal
Ru
Sif Muna
Wu Jian
Yredelemnul

Shops:
D:1 *


Innate Abilities, Weirdness & Mutations

You have hoof-like feet.
You may rarely emit foul miasma when damaged in melee.
You are mostly covered in sharp spines.
You are mostly covered in razor-sharp scales. (AC +2, Slay +2)


Message History

The four-headed hydra is poisoned.
The four-headed hydra is struck by your spines.
The four-headed hydra completely misses you.
The four-headed hydra bites you but does no damage. x3
Unknown command.
The cane toad croaks.
You hit the four-headed hydra. You drain the four-headed hydra.
You kick the four-headed hydra, but do no damage.
The four-headed hydra is moderately wounded.
You feel very sick.
The four-headed hydra is engulfed in dark miasma.
The four-headed hydra is struck by your spines.
The four-headed hydra completely misses you.
The four-headed hydra bites you but does no damage.
The four-headed hydra bites you. x2
Unknown command.
You thump the four-headed hydra! You drain the four-headed hydra.
You kick the four-headed hydra!
The four-headed hydra is severely wounded.
You feel very sick.
The four-headed hydra is engulfed in dark miasma.
The four-headed hydra seems to slow down.
The four-headed hydra closely misses you.
The four-headed hydra completely misses you.
The four-headed hydra bites you but does no damage.
The four-headed hydra misses you. The fire crab breathes flames at you.
The blast of flame engulfs you.
You hear the rumble of a very distant avalanche of rocks.
You are engulfed in blazing flames.
* * * LOW HITPOINT WARNING * * *
You feel very sick.
The four-headed hydra is no longer moving slowly.
The four-headed hydra is engulfed in dark miasma.
The four-headed hydra seems to slow down.
The four-headed hydra bites you.
* * * LOW HITPOINT WARNING * * *
The four-headed hydra bites you.
You die...
Your body rises from the dead as a mindless zombie.

#.~~~~....~~# ~###~~.
#~~#~.....~~##~~~#~~.
#.~~#~....~~#P~~~~~~.
#~~P~.....~~~~~~~~~~.
~.~~P~..t............
#~~#~...○.....#...P#.
~.~##~.P.°F.°........
~.......°°°.........
........°@°°........
........°D°.........
........°.°#.#.<...#
...........###....##
.....P....## ...##
.....#...## ..#
...#... ... .. ....
... .....


You could see a four-headed hydra (poisoned, slow, drained), a fire crab and a
cane toad.

Vanquished Creatures
  Nessos (Lair:3)
  3 hydras
  A two-headed ogre (D:7)
  Amaemon (Lair:3)
  A manticore (Lair:5)
  6 elephants
  6 black mambas
  7 cane toads
  A rime drake (Lair:3)
  2 komodo dragons
  A wind drake (Lair:4)
  A polar bear (Lair:1)
  7 dream sheep
  5 blink frogs (Lair:2)
  3 wyverns
  2 basilisks
  15 yaks
  2 steam dragons
  A vampire mosquito (Lair:2)
  13 water moccasins
  2 black bears
  A sky beast (D:7)
  3 ogres
  The ghost of rlgrobin the Trooper, an amateur DsFi (D:4)
  A centaur (D:8)
  3 kobold brigands (D:7)
  9 bullfrogs
  4 scorpions
  3 necrophages (D:6)
  A water moccasin zombie (D:6)
  10 wights
  10 killer bees
  An electric eel (Lair:3)
  A howler monkey (D:4)
  2 bullfrog zombies (D:6)
  A jelly (D:7)
  4 hounds
  2 gnoll boudas
  A human zombie (D:6)
  5 iguanas
  5 orc wizards
  A killer bee zombie (D:6)
  2 mummies (D:6)
  2 howler monkey zombies
  25 gnolls
  5 adders
  A shadow imp (D:7)
  2 white imps
  An ufetubus (D:5)
  A worm (D:5)
  A dart slug (D:5)
  23 orcs
  4 bats
  10 endoplasms
  3 giant cockroaches
  5 goblins
  4 hobgoblins
  13 jackals (D:4)
  24 kobolds
  6 quokkas
  8 ball pythons
  3 frilled lizards
  8 rats
301 creatures vanquished.

Vanquished Creatures (collateral kills)
  A hydra (Lair:4)
  A skyshark (Lair:5)
  3 elephants
  2 black mambas (Lair:3)
  A cane toad (Lair:4)
  Maggie (D:6)
  An orange demon (Lair:3)
  3 komodo dragons
  A polar bear (Lair:5)
  A wind drake (Lair:5)
  A hornet (Lair:5)
  3 dream sheep (Lair:4)
  5 yaks
  A wyvern (Lair:4)
  A basilisk (Lair:3)
  A steam dragon (Lair:5)
  4 vampire mosquitoes (Lair:2)
  6 water moccasins
  A bullfrog (Lair:4)
  A gnoll sergeant (D:8)
  An electric eel (Lair:2)
  A howler monkey (D:4)
  A jelly (D:5)
  2 orc priests (D:8)
  An orc wizard (D:8)
  7 gnolls
  10 orcs
  2 jackals
  A kobold (D:7)
65 creatures vanquished.

Vanquished Creatures (others)
  4 black mamba zombies
  A skyshark zombie (Lair:5)
  A two-headed ogre zombie (D:7)
  A spectral rime drake (Lair:5)
  A cane toad zombie (Lair:5)
  3 dream sheep zombies (Lair:5)
  A hornet zombie (Lair:5)
  A vampire mosquito zombie (Lair:2)
  A rime drake zombie (Lair:3)
  A komodo dragon zombie (Lair:5)
  6 water moccasin zombies
  2 yak zombies (Lair:5)
  A centaur zombie (D:8)
  2 bullfrog zombies (Lair:3)
  An ogre zombie (D:4)
  A steam dragon zombie (Lair:5)
  A spectral white imp (D:7)
  8 gnoll zombies (D:4)
  2 ball python zombies (D:4)
  2 endoplasm zombies (D:4)
  A goblin zombie (D:4)
  5 jackal zombies (D:4)
  5 kobold zombies (D:7)
  10 orc zombies
  45 fungi
  88 plants
195 creatures vanquished.

Grand Total: 561 creatures vanquished

Notes
Turn   | Place    | Note
-------+----------+-------------------------------------------
     0 | D:1      | Mysteryquy the Demonspawn Gladiator began the quest for the
                  | Orb.
     0 | D:1      | Reached XP level 1. HP: 16/16 MP: 1/1
    46 | D:1      | Found Comics's Assorted Antiques.
   319 | D:1      | Gained mutation: You are partially covered in sharp spines.
                  | [demonic ancestry]
   319 | D:1      | Reached XP level 2. HP: 22/22 MP: 2/2
   718 | D:1      | Reached skill level 3 in Maces & Flails
  1319 | D:2      | Gained mutation: You are mostly covered in sharp spines.
                  | [demonic ancestry]
  1319 | D:2      | Reached XP level 3. HP: 27/27 MP: 3/3
  2353 | D:3      | Found a broken altar of Ashenzari.
  2656 | D:3      | Reached skill level 1 in Armour
  2656 | D:3      | Gained mutation: You are partially covered in razor-sharp
                  | scales. (AC +1, Slay +1) [demonic ancestry]
  2656 | D:3      | Reached XP level 4. HP: 18/34 MP: 4/4
  2868 | D:3      | Found a basalt altar of Yredelemnul.
  2875 | D:3      | Noticed an angel
  2887 | D:3      | Noticed a profane servitor
  2892 | D:3      | Became a worshipper of Yredelemnul the Dark
  3111 | D:4      | Reached skill level 1 in Stealth
  3111 | D:4      | Reached XP level 5. HP: 35/39 MP: 5/5
  3128 | D:4      | Reached skill level 4 in Maces & Flails
  3353 | D:4      | Found a blossoming altar of Fedhas.
  3418 | D:4      | Reached * piety under Yredelemnul
  3464 | D:4      | Found a runed translucent door.
  3464 | D:4      | Noticed rlgrobin's ghost (amateur DsFi)
  3606 | D:4      | Gained mutation: You may rarely emit foul miasma when
                  | damaged in melee. [demonic ancestry]
  3606 | D:4      | Reached XP level 6. HP: 47/47 MP: 6/6
  3619 | D:4      | Reached ** piety under Yredelemnul
  3842 | D:4      | Reached skill level 5 in Maces & Flails
  3867 | D:4      | Gained mutation: You have large cloven feet. [demonic
                  | ancestry]
  3867 | D:4      | Reached XP level 7. HP: 49/52 MP: 7/7
  4421 | D:4      | Killed rlgrobin's ghost
  4423 | D:4      | Identified the +2 mace "Stringbean" {drain, rPois Will+}
  4455 | D:5      | Entered Level 5 of the Dungeon
  4550 | D:5      | Found a sacrificial altar of Ru.
  4622 | D:5      | Reached skill level 6 in Maces & Flails
  4622 | D:5      | Reached XP level 8. HP: 37/60 MP: 8/8
  4903 | D:5      | Found an ornate altar of the Wu Jian Council.
  5037 | D:5      | Reached skill level 1 in Invocations
  5051 | D:5      | Found an iron altar of Okawaru.
  5216 | D:5      | Found a snail-covered altar of Cheibriados.
  5223 | D:5      | Reached *** piety under Yredelemnul
  5652 | D:6      | Reached skill level 7 in Maces & Flails
  5681 | D:6      | Found an ancient bone altar of Kikubaaqudgha.
  5835 | D:6      | Reached skill level 5 in Invocations
  5882 | D:6      | Reached skill level 8 in Maces & Flails
  5934 | D:6      | Found a staircase to the Ecumenical Temple.
  5934 | D:6      | Noticed Maggie
  5939 | D:6      | Gained mutation: You have hoof-like feet. [demonic
                  | ancestry]
  5939 | D:6      | Reached XP level 9. HP: 44/65 MP: 11/13
  5947 | D:6      | Killed Maggie
  6159 | D:6      | Found a shimmering blue altar of Sif Muna.
  6292 | D:7      | Noticed a two-headed ogre
  6302 | D:7      | Killed a two-headed ogre
  6303 | D:7      | Reached skill level 9 in Maces & Flails
  6474 | D:7      | Identified the +2 quarterstaff "Vakhlo Moxt" {freeze, rF+
                  | Int+4}
  6541 | D:7      | Reached skill level 10 in Maces & Flails
  6736 | D:7      | Reached XP level 10. HP: 67/71 MP: 15/15
  7525 | D:8      | Found a staircase to the Lair.
  7544 | D:8      | Reached skill level 11 in Maces & Flails
  7555 | D:8      | Reached **** piety under Yredelemnul
  7656 | D:8      | Found a stormy altar of Qazlal.
  7792 | Lair:1   | Entered Level 1 of the Lair of Beasts
  7959 | Lair:1   | Reached skill level 12 in Maces & Flails
  8328 | Lair:1   | Noticed a cane toad
  8336 | Lair:1   | Killed a cane toad
  8929 | Lair:2   | Gained mutation: You are mostly covered in razor-sharp
                  | scales. (AC +2, Slay +2) [demonic ancestry]
  8929 | Lair:2   | Reached XP level 11. HP: 52/76 MP: 18/18
  8974 | Lair:2   | Reached skill level 10 in Invocations
  9003 | Lair:2   | Reached skill level 13 in Maces & Flails
  9194 | Lair:2   | Found a staircase to the Swamp.
  9838 | Lair:3   | Noticed Amaemon
  9870 | Lair:3   | Killed Amaemon
  9871 | Lair:3   | Reached skill level 14 in Maces & Flails
  9950 | Lair:3   | Found a staircase to the Snake Pit.
 10080 | Lair:3   | Noticed a four-headed hydra
 10099 | Lair:3   | Killed a four-headed hydra
 10100 | Lair:3   | Reached XP level 12. HP: 83/83 MP: 20/20
 10107 | Lair:3   | Reached ***** piety under Yredelemnul
 10151 | Lair:3   | Noticed a seven-headed hydra
 10164 | Lair:3   | Reached ****** piety under Yredelemnul
 10170 | Lair:3   | Killed a seven-headed hydra
 10171 | Lair:3   | Reached skill level 15 in Maces & Flails
 10279 | Lair:3   | Noticed Nessos
 10294 | Lair:3   | Killed Nessos
 10766 | Lair:4   | Noticed a five-headed hydra
 10772 | Lair:4   | Killed a five-headed hydra
 11031 | Lair:4   | Reached skill level 5 in Armour
 11104 | Lair:4   | Reached skill level 5 in Fighting
 11356 | Lair:4   | Reached skill level 5 in Dodging
 11504 | Lair:5   | Entered Level 5 of the Lair of Beasts
 11609 | Lair:5   | Reached XP level 13. HP: 46/93 MP: 22/22
 11617 | Lair:5   | Reached skill level 5 in Stealth
 11757 | Lair:5   | HP: 4/93 [four-headed hydra (4)]
 11757 | Lair:5   | Slain by a four-headed hydra

Illustrated notes

Levels and vault maps discovered:
D:1:      reono_arrival_mine, layout_basic, serial_shops,
          nicolae_shop_window_shopping, minmay_door_square
D:2:      layout_basic, serial_bayou_pond_d
D:3:      layout_loops_corners, grunt_temple_overflow_holy_war,
          mainiacjoe_overflow_paths
D:4:      lemuel_castle_with_subvaults [lemuel_castle_interior_carwin_3],
          layout_rooms, mainiacjoe_overflow_24_doors, gammafunk_ghost_grave,
          minmay_quantized
D:5:      layout_basic, mainiacjoe_overflow_concentric_impassable,
          chei_slow_surprise, kennysheep_little_box,
          mainiacjoe_overflow_brackets, grunt_tough_drop
D:6:      layout_rooms, lemuel_mausoleum_altar_kikubaaqudgha,
          nicolae_sif_muna_little_library, temple_hall, uniq_maggie
D:7:      layout_basic, minmay_unpleasant_kobolds
D:8:      layout_rooms, mainiacjoe_overflow_tiny_flanked, david_lair_shrubbed
D:9:      layout_rooms, mainiacjoe_overflow_alcove_4,
          mainiacjoe_overflow_catwalk
Lair:1:   layout_gridlike, infiniplex_staircase_pool_2, grunt_megastairs_4
Lair:2:   layout_roguey, minmay_swamp_entry_swarm, infiniplex_staircase_pool
Lair:3:   layout_gridlike, minmay_snake_entry_six_corridors, uniq_amaemon,
          uniq_nessos
Lair:4:   layout_cave_shapes
Lair:5:   gammafunk_lair_ancient_temple, layout_gridlike,
          minmay_slime_entry_eyes, enter_volcano_1

Skill      XL: |  1  2  3  4  5  6  7  8  9 10 11 12 13 |
---------------+----------------------------------------+-----
Throwing       | 2 |  2.1
Maces & Flails | 3 4 5 6 8 10 12 14 15 | 15.4
Dodging        | 3 4 5 |  5.4
Armour         | 1 2 3 6 |  6.3
Stealth        | 1 2 3 4 5 |  5.2
Fighting       | 3 4 5 6 |  6.0
Invocations    | 5 7 9 11 12 | 12.8
Evocations     | |  0.1

Action                     |  1- 3 |  4- 6 |  7- 9 | 10-12 | 13-15 || total
---------------------------+-------+-------+-------+-------+-------++-------
  Melee: Flail             |    90 |   101 |     5 |       |       ||   196
         Whip              |       |       |    35 |       |       ||    35
         Kick              |       |       |    65 |   101 |     9 ||   175
         Mace              |       |       |   159 |   307 |    29 ||   495
 Invoke: Dark Bargain      |       |       |     1 |     2 |       ||     3
         Bind Soul         |       |       |       |     1 |       ||     1
         Recall Undead Har |       |       |       |       |     1 ||     1
  Evoke: Wand              |       |     1 |       |       |       ||     1
    Use: Potion            |       |     1 |       |     3 |     2 ||     6
         Scroll            |       |       |       |    22 |     1 ||    23
   Stab: Sleeping          |     3 |     1 |     1 |     2 |       ||     7
         Distracted        |       |     4 |     2 |     6 |     1 ||    13
         Invisible         |       |       |       |       |     1 ||     1
 Armour: Leather armour    |    27 |    28 |     5 |       |       ||    60
         Plate armour      |       |       |    74 |    23 |       ||    97
         Ring mail         |       |       |       |    78 |    14 ||    92
  Dodge: Dodged            |    37 |    74 |    54 |   181 |    24 ||   370
